 Dungeon Crawl Stone Soup version 0.26.1-11-gd32895ea62 (webtiles) character file.

Game seed: 17901727359978166873

11368 woolyfrog the Bludgeoner (level 11, -5/82 HPs)
             Began as a Minotaur Fighter on Apr 29, 2021.
             Was an Initiate of Gozag.
             Killed by an exploding a polar bear (19 damage)
             ... exploding inner flame
             ... on level 10 of the Dungeon.
             The game lasted 00:39:48 (14097 turns).

woolyfrog the Bludgeoner (Minotaur Fighter)        Turns: 14097, Time: 00:39:50

Health: -5/82      AC: 13    Str: 23    XL:     11   Next: 48%
Magic:  10/10      EV:  8    Int:  5    God:    Gozag
Gold:   2502       SH: 14    Dex: 11    Spells: 10/10 levels left

rFire    + . .     SeeInvis .   u - +3 morningstar (freeze)
rCold    x . .     Faith    .   c - +0 kite shield
rNeg     . . .     Spirit   .   D - +2 chain mail {Will+}
rPois    .         Reflect  .   (helmet restricted)
rElec    .         Harm     .   m - +0 cloak
rCorr    .         Rampage  .   (no gloves)
Will     +....                  r - +0 pair of boots
Stlth    ..........             h - amulet of the acrobat
HPRegen  0.23/turn              (no ring)
MPRegen  0.12/turn              q - ring of fire

@: gold aura, hasted, very quick
A: retaliatory headbutt, horns 2
a: Renounce Religion, Potion Petition, Call Merchant, Bribe Branch


You were on level 10 of the Dungeon.
You worshipped Gozag.
Gozag was most pleased with you.
You visited 2 branches of the dungeon, and saw 11 of its levels.

You collected 2646 gold pieces.
You spent 105 gold pieces at shops.
You paid 39 gold pieces to Gozag.

Inventory:

Hand Weapons
 u - a +3 morningstar of freezing (weapon)
Armour
 c - a +0 kite shield (worn)
 m - a +0 cloak (worn)
 r - a +0 pair of boots (worn)
 D - a +2 chain mail of willpower (worn)
Jewellery
 b - an uncursed ring of ice
 h - an amulet of the acrobat (around neck)
 q - a ring of fire (right hand)
Wands
 a - a wand of random effects (23)
 w - a wand of polymorph (17)
 x - a wand of paralysis (16)
Scrolls
 d - a scroll of fear
 e - 2 scrolls of fog
 f - 8 scrolls of teleportation
 j - 3 scrolls of identify
 l - 8 scrolls of remove curse
 v - 3 scrolls of magic mapping
 y - a scroll of blinking
Potions
 g - 5 potions of ambrosia
 i - 3 potions of magic
 k - 3 potions of haste
 o - 3 potions of flight
 p - 3 potions of heal wounds
 s - 2 potions of resistance
 t - 3 potions of lignification
 C - a potion of might


   Skills:
 - Level 3.6 Fighting
 * Level 15.2 Maces & Flails
 - Level 3.6 Armour
 * Level 14.7 Shields


You had 10 spell levels left.
You didn't know any spells.
Your spell library contained the following spells:

 Spells                   Type           Power        Failure   Level
 Apportation              Tloc           0%           99%         1
 Freeze                   Ice            0%           99%         1
 Sandblast                Erth           0%           99%         1
 Passwall                 Tmut/Erth      0%           100%        2
 Confusing Touch          Hex            0%           100%        3
 Gell's Gravitas          Tloc           0%           100%        3
 Stone Arrow              Conj/Erth      0%           100%        3
 Petrify                  Tmut/Erth      0%           100%        4
 Lee's Rapid Deconstruct  Erth           0%           100%        5
 Metabolic Englaciation   Hex/Ice        0%           100%        5
 Yara's Violent Unravell  Hex/Tmut       0%           100%        5


Dungeon Overview and Level Annotations

Branches:
Dungeon (10/15)            Temple (1/1) D:7
   Lair: D:8-11         Orc: D:9-12

Altars:
Ashenzari
Cheibriados
Dithmenos
Elyvilon
Fedhas
Gozag
Hepliaklqana
Kikubaaqudgha
Makhleb
Nemelex Xobeh
Okawaru
Qazlal
Ru
Sif Muna
Trog
Uskayaw
Vehumet
Wu Jian
Xom
Yredelemnul
Zin
The Shining One

Shops:
D:5 ?


Innate Abilities, Weirdness & Mutations

You reflexively headbutt those who attack you in melee.
You have a pair of horns on your head.


Message History

The fiery explosion engulfs the polar bear!
The fiery explosion engulfs the manticore!!
The manticore explodes!
The fiery explosion engulfs the black bear!!!
The fiery explosion engulfs the polar bear!!!
The fiery explosion engulfs the polar bear!!
Flame seeps out of the polar bear.
The polar bear is heavily wounded.
The polar bear explodes!
The fiery explosion engulfs the black bear!!!
The fiery explosion engulfs the polar bear!!!
The polar bear explodes!
The black bear explodes! x2; The polar bear explodes!
The black bear explodes!
The hound explodes!
The hog explodes!
The fiery explosion engulfs you! You resist.
* * * LOW HITPOINT WARNING * * *
The fiery explosion engulfs the polar bear!!!
The polar bear explodes!
The fiery explosion engulfs you!! You resist.
You die...
Your body crumbles into a pile of gold.

.....#......[..........## #..
.....#.................# #..
.....#.[.......$..$....# #..
..####...#######...#...# #..
..#......#$$$.$#$$$#...########..
..#.....(#$$$§§#§§$#.............
..#......#$.$§§§§§§#...#########.
..#......#...§§§○§§#...# #.
..#......#$$§§§§@§§#(..# #.
..#......#$§.§§§§§$#...## #.
..#......#.$§○§#§§$#....# #.
###......#.§§§§#...#....# #.
.........#######..$#....########.
.................................
..................$.$............
..................$.$............
#..............#########.....#+##


There were no monsters in sight!

Vanquished Creatures
  A two-headed ogre (D:10)
  An unseen horror (D:7)
  A flayed ghost (D:9)
  2 manticores (D:10)
  An ugly thing (D:6)
  Maggie (D:8)
  The ghost of chaostorm the Chopper, an amateur DDFi of Makhleb (D:4)
  5 slime creatures (D:7)
  5 polar bears (D:10)
  A dream sheep (D:10)
  3 shadows (D:9)
  3 wyverns
  2 wraiths (D:9)
  2 fire bats (D:9)
  Grum (D:9)
  A steam dragon (D:10)
  A hog (D:10)
  A soldier ant (D:10)
  3 water moccasins
  Duvessa (D:7)
  5 orc warriors
  6 black bears (D:10)
  An eye of draining (D:9)
  3 sky beasts
  4 ogres
  4 ice beasts
  3 phantoms
  4 wolves
  A centaur (D:8)
  Blork the orc (D:5)
  9 bullfrogs
  Dowan (D:7)
  A wyvern skeleton (D:6)
  A scorpion (D:8)
  2 water moccasin skeletons
  2 howler monkeys
  16 killer bees
  10 wights
  2 jellies
  A crimson imp (D:6)
  A centaur zombie (D:9)
  7 hounds
  9 orc wizards
  7 orc priests
  4 bullfrog skeletons
  3 iguanas
  11 worker ants
  A bullfrog simulacrum (D:4)
  2 hound zombies
  5 gnolls
  2 howler monkey skeletons (D:8)
  8 adders
  3 shadow imps
  4 white imps
  2 worker ant simulacra (D:4)
  2 ufetubi
  An ooze (D:3)
  An adder skeleton (D:9)
  A worm (D:5)
  3 dart slugs
  15 leopard geckos
  54 orcs
  6 giant cockroaches
  4 goblins (D:1)
  4 hobgoblins
  18 jackals
  7 kobolds
  6 quokkas
  2 ball pythons (D:5)
  A ball python skeleton (D:4)
  11 bats
  8 frilled lizards
  A goblin skeleton (D:7)
  A goblin zombie (D:7)
  3 hobgoblin zombies (D:7)
  A jackal simulacrum (D:4)
  A kobold skeleton (D:7)
  2 kobold zombies (D:7)
  A leopard gecko simulacrum (D:4)
  An orc zombie (D:7)
  2 quokka skeletons
  11 rats
351 creatures vanquished.

Vanquished Creatures (others)
  A rat (D:1)
1 creature vanquished.

Grand Total: 352 creatures vanquished

Notes
Turn   | Place    | Note
-------+----------+-------------------------------------------
     0 | D:1      | woolyfrog the Minotaur Fighter began the quest for the Orb.
     0 | D:1      | Reached XP level 1. HP: 19/19 MP: 0/0
   217 | D:1      | Reached skill level 3 in Maces & Flails
   287 | D:1      | Reached XP level 2. HP: 3/26 MP: 1/1
   595 | D:1      | Reached skill level 4 in Maces & Flails
   776 | D:1      | Reached XP level 3. HP: 31/31 MP: 2/2
  1305 | D:2      | Reached skill level 5 in Maces & Flails
  1365 | D:2      | Reached XP level 4. HP: 24/39 MP: 3/3
  1776 | D:2      | Reached skill level 6 in Maces & Flails
  1790 | D:2      | Reached XP level 5. HP: 23/45 MP: 4/4
  1976 | D:2      | Found an opulent altar of Gozag.
  2395 | D:2      | Found a blossoming altar of Fedhas.
  2450 | D:2      | Became a worshipper of Gozag Ym Sagoz the Greedy
  2659 | D:3      | Found a bloodstained altar of Trog.
  2758 | D:3      | Reached skill level 7 in Maces & Flails
  3673 | D:4      | Reached XP level 6. HP: 51/51 MP: 5/5
  3733 | D:4      | Reached skill level 8 in Maces & Flails
  3820 | D:4      | Found a runed translucent gate.
  3820 | D:4      | Found a runed translucent gate.
  3820 | D:4      | Found a runed translucent gate.
  4104 | D:4      | Reached XP level 7. HP: 57/57 MP: 6/6
  4125 | D:4      | Reached skill level 5 in Shields
  4408 | D:4      | Noticed chaostorm's ghost (amateur DDFi)
  5380 | D:4      | Killed chaostorm's ghost
  5476 | D:5      | Entered Level 5 of the Dungeon
  5591 | D:5      | Reached XP level 8. HP: 64/64 MP: 7/7
  5627 | D:5      | Found Toumo's Magic Scroll Boutique.
  5657 | D:5      | Bought a scroll of blinking for 105 gold pieces
  6334 | D:5      | Noticed Blork the orc
  6341 | D:5      | Killed Blork the orc
  6973 | D:6      | Found a stormy altar of Qazlal.
  6979 | D:6      | Reached skill level 9 in Maces & Flails
  7168 | D:6      | Found a shimmering altar of Xom.
  7168 | D:6      | Found a burning altar of Makhleb.
  7174 | D:6      | Reached skill level 10 in Maces & Flails
  7334 | D:6      | Found an ornate altar of the Wu Jian Council.
  7492 | D:6      | Found a broken altar of Ashenzari.
  7610 | D:6      | Found a shimmering blue altar of Sif Muna.
  7616 | D:6      | Reached XP level 9. HP: 61/70 MP: 8/8
  7620 | D:6      | Identified Sif Muna's Tome of the Icy Traveller
  7627 | D:6      | Found a bloodstained altar of Trog.
  7635 | D:6      | Reached skill level 10 in Shields
  7699 | D:7      | Found a staircase to the Ecumenical Temple.
  7700 | D:7      | Noticed Dowan
  7700 | D:7      | Noticed Duvessa
  7727 | D:7      | Noticed a purple ugly thing
  7734 | D:6      | Killed a purple ugly thing
  7735 | D:6      | Reached skill level 11 in Maces & Flails
  8111 | D:7      | Found a glowing golden altar of the Shining One.
  8306 | D:7      | Killed an unseen horror
  8307 | D:7      | Reached skill level 12 in Maces & Flails
  8649 | D:7      | Reached XP level 10. HP: 39/77 MP: 9/9
  8684 | Temple   | Entered the Ecumenical Temple
  8935 | D:7      | Killed Duvessa
  8954 | D:7      | Killed Dowan
  8970 | D:7      | Reached skill level 13 in Maces & Flails
  9910 | D:8      | Noticed Maggie
  9920 | D:8      | Killed Maggie
 10910 | D:9      | Found a stormy altar of Qazlal.
 10923 | D:9      | Noticed Grum
 10938 | D:9      | Reached skill level 14 in Maces & Flails
 10949 | D:9      | Killed Grum
 11717 | D:9      | Found a hide-covered altar of Uskayaw.
 11721 | D:9      | Found a glowing golden altar of the Shining One.
 11853 | D:9      | Found a snail-covered altar of Cheibriados.
 11870 | D:9      | Reached XP level 11. HP: 82/82 MP: 10/10
 11905 | D:9      | Found a snail-covered altar of Cheibriados.
 11952 | D:9      | Found a runed translucent door.
 11973 | D:9      | Found an ancient bone altar of Kikubaaqudgha.
 12114 | D:9      | Found a sacrificial altar of Ru.
 12428 | D:9      | Found a glowing golden altar of the Shining One.
 12429 | D:9      | Found a sparkling altar of Nemelex Xobeh.
 12483 | D:9      | Noticed a flayed ghost
 12499 | D:9      | Killed a flayed ghost
 12638 | D:9      | Found a hazy altar of Hepliaklqana.
 12807 | D:9      | Found a sacrificial altar of Ru.
 12978 | D:10     | Entered Level 10 of the Dungeon
 13051 | D:10     | Found a huge runed translucent gate.
 13051 | D:10     | Found a huge runed translucent gate.
 13051 | D:10     | Found a huge runed translucent gate.
 13051 | D:10     | Found a huge runed translucent gate.
 13733 | D:10     | Reached skill level 15 in Maces & Flails
 13977 | D:10     | Noticed a two-headed ogre
 13986 | D:10     | Killed a two-headed ogre
 14097 | D:10     | Killed by an exploding a polar bear... exploding inner
                  | flame

Illustrated notes

Levels and vault maps discovered:
D:1:      giann_wishing_wells, layout_basic, lemuel_flame_loot_1
D:2:      cheibrodos_pilgrimage, layout_basic, grunt_gozag_statues,
          fedhas_altar_4
D:3:      layout_loops_corners, trog_butcher_becter
D:4:      layout_basic, gammafunk_ghost_icy, minmay_fractal_squares_diagonal_5
D:5:      wad_river_or_something, layout_layer_cave, serial_shops,
          nicolae_shop_waterfront, uniq_blork_the_orc
D:6:      layout_cave_pools, grunt_temple_overflow_champion_of_chaos,
          nzn_overflow_gifts_of_might_and_magic, marbit_many_paths,
          nzn_wu_jian_council_hall, basic_altar
D:7:      cheibrodos_fzero, layout_basic, minmay_temple_entry_ruins,
          nicolae_tso_besieged_by_evil, uniq_duvessa
D:8:      layout_basic, special_room [special_room_orc], minmay_misc_feat_room,
          uniq_maggie
D:9:      due_megacathedral, layout_basic, kennysheep_mini_moat,
          lemuel_crystal_altar, chequers_temple_overflow_statue_of_worship,
          nicolae_ru_path_of_blood, grunt_ministairs_11, uniq_grum
D:10:     lemuel_bear_cage, layout_irregular_city
Temple:   eino_wide_crystal_templ

Skill      XL: |  1  2  3  4  5  6  7  8  9 10 11 |
---------------+----------------------------------+-----
Maces & Flails | 3 4 5 6 7 8 10 12 14 15 | 15.2
Shields        | 4 8 9 12 13 14 | 14.7
Fighting       | |  3.6
Armour         | |  3.6

Action                   |  1- 3 |  4- 6 |  7- 9 | 10-12 || total
-------------------------+-------+-------+-------+-------++-------
Melee: Flail             |    51 |   176 |   316 |    51 ||   594
       Headbutt          |     3 |    27 |    69 |    85 ||   184
       Morningstar       |       |       |       |   469 ||   469
Evoke: Wand              |       |       |     1 |     2 ||     3
  Use: Potion            |     1 |     1 |     1 |     4 ||     7
       Scroll            |     7 |     5 |     7 |     7 ||    26
 Stab: Sleeping          |     1 |       |       |       ||     1
       Distracted        |       |     2 |     1 |       ||     3
       Paralysed         |       |       |       |     3 ||     3
Armor: Scale mail        |     9 |    18 |       |       ||    27
       Robe              |     5 |     8 |       |       ||    13
       Plate armour      |       |    19 |    84 |       ||   103
       Chain mail        |       |       |     9 |   148 ||   157
Dodge: Dodged            |    20 |    39 |    65 |   127 ||   251
Block: Kite shield       |    24 |    67 |   128 |   282 ||   501
